 Dungeon Crawl Stone Soup version 0.27.1-34-g3ba077fa99 (webtiles) character file.

Game seed: 1388882652978515652

6250 unlimited1921 the Cleaver (level 10, -16/136 HPs)
             Began as a Minotaur Fighter on Jan 7, 2022.
             Was a Priest of Cheibriados.
             Killed from afar by Jorgrun (38 damage)
             ... with an iron shot
             ... on level 1 of the Orcish Mines.
             The game lasted 01:04:17 (14781 turns).

unlimited1921 the Cleaver (Minotaur Fighter)       Turns: 14781, Time: 01:04:20

Health: -16/136    AC: 25    Str: 33    XL:     10   Next: 62%
Magic:  9/9        EV:  2    Int: 13    God:    Cheibriados [***...]
Gold:   464        SH:  0    Dex: 23    Spells: 9/9 levels left

rFire    . . .     SeeInvis +   t - +0 hunting sling (freeze)
rCold    . . .     Faith    .   c - +0 kite shield
rNeg     + + +     Spirit   .   (armour currently unavailable)
rPois    +         Reflect  .   (helmet currently unavailable)
rElec    .         Harm     .   (cloak currently unavailable)
rCorr    .         Rampage  .   (gloves currently unavailable)
Will     .....     NoTele   +   (boots currently unavailable)
Stlth    ++........             (no amulet)
HPRegen  0.32/turn              o - +6 ring of dexterity
MPRegen  0.11/turn              s - ring of see invisible

@: tree-form, petrifying (expiring), very slow
A: stationary, stasis, torment immunity, boosted hp, (horns 2), (retaliatory
headbutt)
a: Renounce Religion, Bend Time, Temporal Distortion


You were on level 1 of the Orcish Mines.
You worshipped Cheibriados.
Cheibriados was most pleased with you.
You were a tree.
You visited 3 branches of the dungeon, and saw 12 of its levels.

You collected 688 gold pieces.
You spent 224 gold pieces at shops.

Inventory:

Hand Weapons
 a - a +0 war axe
 n - a +0 flail
 q - a +1 short sword of freezing
 r - a +0 longbow
 t - a +0 hunting sling of freezing (weapon)
 B - a +2 flail of protection
 D - a +0 war axe
 L - a -2 spear of venom
 N - a +2 trident of freezing
 O - a +0 battleaxe
 Q - a +3 trident
 S - a +2 war axe of flaming
Missiles
 h - 55 bolts
 m - 5 silver javelins
 v - 56 sling bullets
 w - 178 arrows
 x - 216 stones (quivered ammo)
 A - 3 boomerangs
 E - 13 poisoned darts (quivered)
Armour
 c - a +0 kite shield (worn)
 f - a +0 pair of gloves (melded)
 p - a +0 cloak (melded)
 M - a +0 plate armour
 T - a +1 ring mail of fire resistance
 U - +0 acid dragon scales (melded)
Jewellery
 g - a ring of protection from cold
 j - a ring of positive energy
 o - a +6 ring of dexterity (left branch)
 s - a ring of see invisible (right branch)
 K - a +6 ring of intelligence
Wands
 d - a wand of flame (20)
Scrolls
 i - 3 scrolls of amnesia
 y - 2 scrolls of fog
 F - a scroll of immolation
Potions
 e - 5 potions of curing
 u - 2 potions of mutation {unknown}
 z - a potion of berserk rage {unknown}
 C - a potion of magic {unknown}
 I - 2 potions of brilliance
 J - a potion of ambrosia {unknown}
 P - 2 potions of haste
 R - a potion of flight


   Skills:
 * Level 9.6 Fighting
 + Level 10.0 Axes
 + Level 3.6(4.4) Slings
 + Level 3.3(4.0) Throwing
 + Level 8.4 Armour
 * Level 7.0 Dodging
 + Level 1.5 Stealth
 + Level 7.2 Shields
 + Level 0.5 Evocations


You had 9 spell levels left.
You didn't know any spells.
Your spell library contained the following spells:

 Spells                   Type           Power      Damage    Failure   Level
 Apportation              Tloc           0%         N/A       63%         1
 Freeze                   Ice            0%         1d3       63%         1
 Sting                    Tmut/Pois      0%         1d3       63%         1
 Poisonous Vapours        Pois/Air       0%         N/A       77%         2
 Frozen Ramparts          Ice            0%         1d2       94%         3
 Hailstorm                Conj/Ice       0%         3d3       100%        4
 Olgreb's Toxic Radiance  Pois           0%         N/A       100%        4
 Passage of Golubria      Tloc           N/A        N/A       100%        4
 Alistair's Intoxication  Tmut/Pois      0%         N/A       100%        5
 Silence                  Hex/Air        0%         N/A       100%        5
 Invisibility             Hex            0%         N/A       100%        6
 Lehudib's Crystal Spear  Conj/Erth      0%         10d2      100%        8


Dungeon Overview and Level Annotations

Branches:
Dungeon (10/15)            Temple (1/1) D:5            Lair (0/6) D:10
    Orc (1/2) D:9

Altars:
Ashenzari
Cheibriados
Dithmenos
Elyvilon
Fedhas
Gozag
Kikubaaqudgha
Makhleb
Okawaru
Ru
Sif Muna
Uskayaw
Vehumet
Wu Jian
Xom
Yredelemnul
The Shining One

Shops:
D:2 !   Orc:1 [

Annotations:
D:4 1 transporter
Orc:1 Jorgrun


Innate Abilities, Weirdness & Mutations

You are a tree.
Your roots penetrate the ground, keeping you stationary.
You cannot be teleported.
You are immune to unholy pain and torment.
Your maximum health is greatly increased.
Your equipment is partially melded.
((You have a pair of horns on your head.))
((You reflexively headbutt those who attack you in melee.))


Message History

* * * LOW HITPOINT WARNING * * *
You feel much better. You block the orc warrior's attack.
Jorgrun hits you with a +0 vorpal quarterstaff.
* * * LOW HITPOINT WARNING * * *
x2 The grasping roots constrict you.
Aiming: Corrosive Bolt
Press: ? - help, Q - select action, (/) - cycle Shift-Dir - straight line, f/p - Jorgrun
Aim: Jorgrun, wielding a +0 vorpal quarterstaff and wearing a +0 robe (severely wounded, covered in acid, 53% to hit)
The bolt of acid hits Jorgrun!
Jorgrun is splashed with acid.
Jorgrun is almost dead.
The now-empty wand crumbles to dust.
The orc warrior hits you with a +0 dire flail.
* * * LOW HITPOINT WARNING * * *
Jorgrun casts a spell at you.
You are slowing down.
The grasping roots constrict you!
* * * LOW HITPOINT WARNING * * *
You feel better.
The orc warrior hits you with a +0 dire flail!
* * * LOW HITPOINT WARNING * * *
Jorgrun hits you with a +0 vorpal quarterstaff.
* * * LOW HITPOINT WARNING * * *
The grasping roots constrict you.
The orc warrior hits you but does no damage.
Your limbs are stiffening.
The grasping roots release their grip on you.
Press: ? - help, v - describe, . - travel
Here: Jorgrun, wielding a +0 vorpal quarterstaff and wearing a +0 robe (almost dead, covered in acid)
The floor.
Throw: 14 darts (poison)
Press: ? - help, Q - select action, (/) - cycle Shift-Dir - straight line, f/p - Jorgrun
Aim: Jorgrun, wielding a +0 vorpal quarterstaff and wearing a +0 robe (almost dead, covered in acid, 55% to hit)
You throw a poisoned dart. The poisoned dart misses Jorgrun.
Jorgrun gestures at you while chanting.
Your limbs have turned to stone.
The orc warrior hits you with a +0 dire flail.
* * * LOW HITPOINT WARNING * * *
Jorgrun gestures at you while chanting. The iron shot hits you!!!
You die...

..###......###
#....##
..##.........###...##
...................#
....>...#....#....##
........#.........#
...........).....##
.#...##.##..))....#
#########...).>og####
#...##..♣#..####
.......###.....##.##
..#....# ###.......#
##......###.....#.##
#.....##.....#####
####.......#.#
#.......### #......<#
.....####


You could see Jorgrun (corroded) and an orc warrior.

Vanquished Creatures
  A komodo dragon (D:10)
  A hornet (D:10)
  3 basilisks (D:10)
  Eustachio (D:6)
  2 wyverns
  Grum (D:9)
  Menkaure (D:4)
  An acid dragon (D:10)
  2 water moccasins
  Duvessa (D:6)
  An ice beast (D:5)
  5 orc warriors
  A sky beast (D:5)
  2 ogres (D:5)
  2 necrophages
  A black bear (D:7)
  3 wolves (D:9)
  3 centaurs
  A phantom (D:4)
  7 bullfrogs
  Dowan (D:6)
  4 scorpions
  A wyvern skeleton (D:7)
  2 water moccasin skeletons
  9 killer bees (D:8)
  8 wights
  A centaur zombie (D:6)
  3 howler monkeys
  A bullfrog zombie (D:7)
  2 hounds
  2 jellies
  A gnoll shaman (D:5)
  3 orc priests
  3 centaur skeletons
  3 iguanas
  6 orc wizards
  A hound skeleton (D:5)
  3 howler monkey zombies
  7 gnolls
  5 adders
  2 shadow imps
  3 ufetubi
  3 worms
  A dart slug (D:3)
  32 orcs
  8 ball pythons
  2 bats
  3 bat skeletons (D:3)
  2 bat zombies (D:3)
  3 endoplasms
  A giant cockroach (D:4)
  7 hobgoblins
  5 quokkas
  5 goblins
  5 kobolds
  8 rats
196 creatures vanquished.

Vanquished Creatures (others)
  2 plants (D:4)
2 creatures vanquished.

Grand Total: 198 creatures vanquished

Notes
Turn   | Place    | Note
-------+----------+-------------------------------------------
     0 | D:1      | unlimited1921 the Minotaur Fighter began the quest for the
                  | Orb.
     0 | D:1      | Reached XP level 1. HP: 19/19 MP: 0/0
   185 | D:1      | Reached XP level 2. HP: 27/27 MP: 1/1
   809 | D:2      | Reached skill level 3 in Axes
   811 | D:2      | Reached XP level 3. HP: 33/33 MP: 2/2
   898 | D:2      | Found a shimmering altar of Xom.
   904 | D:2      | Found Tiapeoc's Distillery.
  1602 | D:3      | Reached XP level 4. HP: 41/41 MP: 3/3
  2364 | D:3      | Found an ancient bone altar of Kikubaaqudgha.
  2561 | D:4      | Noticed a phantom
  2567 | D:4      | Killed a phantom
  2568 | D:4      | Reached skill level 4 in Axes
  2568 | D:4      | Reached skill level 1 in Dodging
  2568 | D:4      | Reached XP level 5. HP: 39/47 MP: 4/4
  2868 | D:4      | Found a transporter.
  2928 | D:4      | Found a transporter.
  2964 | D:4      | Noticed Menkaure
  2965 | D:4      | Reached skill level 5 in Fighting
  2970 | D:4      | Killed Menkaure
  2971 | D:4      | Reached XP level 6. HP: 24/56 MP: 5/5
  3507 | D:5      | Entered Level 5 of the Dungeon
  3513 | D:5      | Reached skill level 5 in Axes
  3697 | D:5      | Reached skill level 5 in Armour
  3697 | D:5      | Reached skill level 5 in Shields
  3697 | D:5      | Reached XP level 7. HP: 47/62 MP: 6/6
  3949 | D:5      | Reached skill level 6 in Axes
  4149 | D:5      | Found a staircase to the Ecumenical Temple.
  4155 | Temple   | Entered the Ecumenical Temple
  4294 | Temple   | Became a worshipper of Cheibriados the Contemplative
  4435 | D:5      | Reached skill level 1 in Slings
  4665 | D:5      | Reached XP level 8. HP: 69/70 MP: 7/7
  5702 | D:6      | Noticed Duvessa
  5702 | D:6      | Noticed Dowan
  5865 | D:5      | Reached skill level 7 in Axes
  5865 | D:5      | Reached skill level 1 in Stealth
  6142 | D:6      | Found a faded altar of an unknown god.
  6142 | D:6      | Found a basalt altar of Yredelemnul.
  6150 | D:6      | Found an opulent altar of Gozag.
  6152 | D:6      | Found a shimmering blue altar of Sif Muna.
  6154 | D:6      | Found a white marble altar of Elyvilon.
  6431 | D:6      | Found a sacrificial altar of Ru.
  6547 | D:6      | Killed Duvessa
  6770 | D:6      | Killed Dowan
  6770 | D:6      | Reached * piety under Cheibriados
  7013 | D:6      | Noticed Eustachio
  7020 | D:6      | Killed Eustachio
  7021 | D:6      | Reached XP level 9. HP: 79/79 MP: 8/8
  7298 | D:7      | Reached skill level 8 in Axes
  7298 | D:7      | Reached skill level 5 in Dodging
  7439 | D:7      | Reached skill level 1 in Throwing
  9706 | D:2      | Bought a potion of degeneration for 14 gold pieces
  9706 | D:2      | Bought a potion of haste for 140 gold pieces
  9706 | D:2      | Bought a potion of heal wounds for 70 gold pieces
 10651 | D:8      | Found a burning altar of Makhleb.
 10728 | D:8      | Reached ** piety under Cheibriados
 11229 | D:8      | Reached XP level 10. HP: 82/90 MP: 9/9
 11786 | D:9      | Found a radiant altar of Vehumet.
 11788 | D:9      | Reached skill level 9 in Axes
 11970 | D:9      | Found a staircase to the Orcish Mines.
 12086 | D:9      | Reached *** piety under Cheibriados
 12248 | D:9      | Noticed Grum
 12252 | D:9      | Killed Grum
 12399 | D:10     | Entered Level 10 of the Dungeon
 12432 | D:10     | Found a blossoming altar of Fedhas.
 13404 | D:10     | Found a staircase to the Lair.
 13980 | D:10     | Reached skill level 10 in Axes
 14515 | Orc:1    | Entered Level 1 of the Orcish Mines
 14685 | Orc:1    | Found Siyrgho's Antique Armour Shop.
 14740 | Orc:1    | Noticed Jorgrun
 14767 | Orc:1    | HP: 3/91 [Jorgrun (2)]
 14781 | Orc:1    | Killed from afar by Jorgrun

Illustrated notes

Levels and vault maps discovered:
D:1:      lightli_arrival_noodles, layout_loops_ring
D:2:      layout_basic, serial_shops, shop, basic_altar,
          corexii_item_surrounded_by_moat
D:3:      layout_basic, kennysheep_vampire_church
D:4:      gammafunk_steamed_eel, layout_basic, uniq_menkaure
D:5:      layout_cave_pools, minmay_temple_entry_hall, saegor_snake_ambush
D:6:      layout_rooms, mainiacjoe_overflow_tiny_flanked,
          chequers_temple_overflow_minitemple, minmay_misc_feat_five,
          uniq_eustachio, uniq_duvessa
D:7:      layout_layer_cave, chequers_serial_rivers_marsh
D:8:      layout_rooms, bloody_makhleb
D:9:      layout_rooms, nicolae_vehumet_radiance, orc_0_dummy, uniq_grum
D:10:     layout_grid_maze, lemuel_tele_altar, erik_lair_dragon
Temple:   nicolae_temple_figure_eight
Orc:1:    layout_diamond_mine, serial_shops, shop_fountains, uniq_jorgrun

Skill      XL: |  1  2  3  4  5  6  7  8  9 10 |
---------------+-------------------------------+-----
Fighting       | 4 5 6 7 8 9 |  9.6
Shields        | 4 5 6 7 |  7.2
Axes           | 3 4 5 6 7 8 10 | 10.0
Armour         | 4 5 6 7 8 |  8.4
Dodging        | 1 2 3 4 6 7 |  7.0
Slings         | 1 3 |  3.6
Stealth        | 1 |  1.5
Throwing       | 3 |  3.3
Evocations     | |  0.5

Action                   |  1- 3 |  4- 6 |  7- 9 | 10-12 || total
-------------------------+-------+-------+-------+-------++-------
Melee: War axe           |    86 |    64 |   189 |    69 ||   408
       Headbutt          |    11 |    11 |    50 |    23 ||    95
 Fire: Hunting sling     |       |     4 |    44 |    33 ||    81
Throw: Javelin           |       |     1 |     8 |       ||     9
       Boomerang         |       |       |    47 |       ||    47
       Dart              |       |       |    19 |     5 ||    24
Evoke: Wand              |       |       |       |    16 ||    16
  Use: Scroll            |       |       |     9 |     4 ||    13
       Potion            |       |       |     4 |     9 ||    13
Armor: Scale mail        |    34 |    25 |    80 |    27 ||   166
       Acid dragon scale |       |       |       |    10 ||    10
       Skin              |       |       |       |     8 ||     8
Dodge: Dodged            |    20 |    27 |   137 |    54 ||   238
Block: Kite shield       |    45 |    37 |   158 |    76 ||   316
